 Dungeon Crawl Stone Soup version 0.29-b1-12-g9e2288ab2a (webtiles) character file.

Game seed: 7719159196255176789

432 worthlessgem the Grave Robber (level 6, 21/37 HPs)
             Began as a Deep Elf Necromancer on Aug 24, 2022.
             Was an Initiate of Yredelemnul.
             Quit the game on level 5 of the Dungeon.
             The game lasted 00:20:44 (3924 turns).

worthlessgem the Grave Robber (DENe)                Turns: 3924, Time: 00:20:44

Health: 21/37      AC:  2    Str:  2 (5)  XL:     6   Next: 67%
Magic:  0/13       EV: 16    Int: 21 (22) God:    Yredelemnul [......]
Gold:   81         SH:  0    Dex: 13 (15) Spells: 4/12 levels left

rFire   . . .      SeeInvis +   a - +0 short sword
rCold   . . .      Faith    .   (no shield)
rNeg    . . .      Spirit   .   k - +0 robe
rPois   .          Reflect  .   (no helmet)
rElec   .          Harm     .   (no cloak)
rCorr   .          Rampage  .   (no gloves)
Will    .....                   (no boots)
Stlth   ++........              (no amulet)
HPRegen 0.12/turn               u - ring of see invisible
MPRegen 0.13/turn               p - +4 ring of evasion

@: no status effects
A: no striking features
a: Renounce Religion, Recall Undead Harvest


You were on level 5 of the Dungeon.
You worshipped Yredelemnul.
Yredelemnul was noncommittal.
You visited 1 branch of the dungeon, and saw 5 of its levels.

You collected 81 gold pieces.

Inventory:

Hand Weapons
 a - a +0 short sword (weapon)
Missiles
 d - 50 stones
 q - 2 throwing nets
Armour
 k - a +0 robe (worn)
Jewellery
 g - a +6 ring of strength
 l - a ring of resist corrosion
 n - a ring of ice
 p - a +4 ring of evasion (right hand)
 u - a ring of see invisible (left hand)
Scrolls
 c - 2 scrolls of teleportation {unknown}
 e - 2 scrolls of enchant weapon {unknown}
 h - 6 scrolls of identify {unknown}
 i - a scroll of poison {unknown}
 j - a scroll of noise {unknown}
 o - a scroll of brand weapon {unknown}
 r - a scroll of torment {unknown}
 t - a scroll of immolation {unknown}
Potions
 b - a potion of magic
 f - 2 potions of haste
 m - a potion of invisibility {unknown}
 s - 4 potions of curing {unknown}


   Skills:
 + Level 3.0 Fighting
 - Level 3.4 Short Blades
 - Level 2.4 Dodging
 - Level 2.4 Stealth
 * Level 3.5 Spellcasting
 + Level 6.9 Necromancy


You had 4 spell levels left.
You knew the following spells:

 Your Spells              Type           Power      Damage    Failure   Level
a - Necrotise             Necr           100%       1d9       1%          1
b - Vampiric Draining     Necr           32%        2d8       2%          3
c - Animate Dead          Necr           32%        N/A       8%          4

Your spell library contained the following spells:

 Spells                   Type           Power      Damage    Failure   Level
 Agony                    Necr           32%        N/A       21%         5


Dungeon Overview and Level Annotations

Branches:
Dungeon (5/15)
 Temple: D:4-7

Altars:
Ashenzari
Cheibriados
Makhleb
Yredelemnul
Zin

Annotations:
D:3 Grinder


Message History

h - 6 scrolls labelled SUIPEYGAFA (gained 1)
Found a stone staircase leading down.
A gnoll comes into view. It is wielding a +0 flail.
The gnoll shouts!
The gnoll writhes in agony.
You hear a shout!
A gnoll bouda comes into view. It is wielding a +0 club.
The gnoll writhes in agony!
The gnoll bouda barks out a call to the hunt!
The gnoll picks up the pace!
A quokka comes into view.
The gnoll writhes in agony!
You kill the gnoll!
A gnoll comes into view. It is wielding a +0 spear.
You feel your dexterity returning.
Your Fighting skill increases to level 3!
The gnoll bouda writhes in agony.
The gnoll shouts!
The gnoll bouda writhes in agony.
The gnoll bouda writhes in agony.
The gnoll bouda barks out a call to the hunt!
The quokka misses you.
You hear a shout!
The quokka writhes in agony.
You kill the quokka!
A gnoll comes into view. It is wielding a +0 spear.
The gnoll bouda writhes in agony!
The gnoll hits you but does no damage.
The gnoll bouda hits you with a +0 club!
The gnoll bouda writhes in agony.
You kill the gnoll bouda!
The gnoll barely misses you.
The gnoll writhes in agony.
The gnoll barely misses you.
The gnoll writhes in agony!
You kill the gnoll!
The dead are walking!
The gnoll hits you from afar with a +0 spear.
The gnoll writhes in agony.
The gnoll completely misses you.
The gnoll barely resists.
The gnoll closely misses you.
You are out of magic!
Are you sure you want to abandon this character and quit the game? (Confirm with "yes".)

#..# # #... ### ...##
##.. #...# ##..# #...#
###.... #.Zg##
##...... #.).#
##....... #.@.##
##........ #....#
###.........
###....###..#........
.........#..##........
########...###........
##..# #........ ##.#
#........ #.#
#........ #..
#........


You could see a gnoll (swift, ally target) and a friendly gnoll zombie.

Vanquished Creatures
  2 orc priests
  2 jellies (D:4)
  A gnoll bouda (D:5)
  2 hounds (D:4)
  An iguana (D:4)
  An orc wizard (D:4)
  6 gnolls
  2 adders
  9 orcs
  4 ball pythons
  9 bats
  4 endoplasms
  5 giant cockroaches
  2 hobgoblins (D:2)
  2 jackals (D:2)
  8 quokkas
  2 frilled lizards (D:2)
  10 goblins
  8 kobolds
  5 rats
85 creatures vanquished.

Vanquished Creatures (collateral kills)
  3 orcs (D:4)
  2 endoplasms
  A ball python (D:4)
  A frilled lizard (D:1)
7 creatures vanquished.

Vanquished Creatures (others)
  A giant cockroach zombie (D:4)
  A goblin zombie (D:4)
2 creatures vanquished.

Grand Total: 94 creatures vanquished

Notes
Turn   | Place    | Note
-------+----------+-------------------------------------------
     0 | D:1      | worthlessgem the Deep Elf Necromancer began the quest for
                  | the Orb.
     0 | D:1      | Reached XP level 1. HP: 10/10 MP: 6/6
     7 | D:1      | Found a faded altar of an unknown god.
    28 | D:1      | Prayed at the altar of an unknown god.
    28 | D:1      | Became a worshipper of Zin the Law-Giver
    28 | D:1      | Reached * piety under Zin
    29 | D:1      | Fell from the grace of Zin
    57 | D:1      | Reached skill level 5 in Necromancy
   382 | D:1      | Reached XP level 2. HP: 13/16 MP: 1/8
   474 | D:1      | Reached skill level 1 in Fighting
   963 | D:1      | Reached XP level 3. HP: 20/20 MP: 7/9
   967 | D:1      | Learned a level 3 spell: Vampiric Draining
  1420 | D:2      | Reached XP level 4. HP: 13/26 MP: 2/10
  1691 | D:2      | Learned a level 4 spell: Animate Dead
  1892 | D:2      | Reached skill level 6 in Necromancy
  2090 | D:3      | Reached skill level 1 in Short Blades
  2411 | D:3      | Found a basalt altar of Yredelemnul.
  2411 | D:3      | Found a snail-covered altar of Cheibriados.
  2419 | D:3      | Became a worshipper of Yredelemnul the Dark
  2542 | D:3      | Reached XP level 5. HP: 30/30 MP: 8/11
  2543 | D:3      | Noticed Grinder
  2648 | D:4      | Reached * piety under Yredelemnul
  2652 | D:4      | HP: 1/46 [orc priest/nerve-wracking pain (6)]
  2962 | D:4      | Reached ** piety under Yredelemnul
  3093 | D:4      | Found a broken altar of Ashenzari.
  3147 | D:4      | Reached XP level 6. HP: 19/36 MP: 8/12
  3556 | D:4      | Found a burning altar of Makhleb.
  3607 | D:4      | Reached *** piety under Yredelemnul
  3731 | D:5      | Entered Level 5 of the Dungeon
  3748 | D:5      | Paralysed by the wrath of Zin for 5 turns
  3924 | D:5      | Quit the game

Illustrated notes

Levels and vault maps discovered:
D:1:      lightli_arrival_chessboard, layout_basic,
          ebering_ecumenical_altar_mist
D:2:      layout_basic, chequers_garden, cheibrodos_gnoll_hut
D:3:      layout_loops_corners, grunt_qazlal_sundering, lemuel_tele_altar,
          amethyst_overflow_temple_binary, serial_shops, shop,
          chequers_serial_rivers_small_3, nrook_uturn, kennysheep_pointless_box,
          minmay_tree_intersection, uniq_grinder
D:4:      minmay_diamond_boxcup, layout_rooms, mainiacjoe_overflow_tiny_flanked,
          lemuel_coloured_pillars_altar
D:5:      layout_cave_pods, minmay_temple_entry_grid, ebering_ghost_sewer_f,
          serial_shops, nicolae_shop_waterfront

Skill      XL: |  1  2  3  4  5  6 |
---------------+-------------------+-----
Necromancy     | 5 6 |  6.9
Fighting       | 1 2 3 |  3.0
Short Blades   | 1 3 |  3.4
Dodging        | |  2.4
Stealth        | |  2.4
Spellcasting   | |  3.5

Action                   |  1- 3 |  4- 6 || total
-------------------------+-------+-------++-------
Melee: Unarmed           |     2 |       ||     2
       Morningstar       |     6 |       ||     6
       Short sword       |       |    38 ||    38
 Cast: Necrotise         |    59 |    75 ||   134
       Vampiric Draining |       |     1 ||     1
Invok: Renounce Religion |     1 |       ||     1
  Use: Potion            |       |     2 ||     2
Armor: Robe              |    11 |     7 ||    18
Dodge: Dodged            |    10 |    48 ||    58
